 Dungeon Crawl Stone Soup version 0.26-a0-504-g0cf647090d (webtiles) character file.

Game seed: 12943574787351375533

1668 KristoblXynda the Covert (level 8, -5/58 HPs)
             Began as a Vampire Gladiator on Aug 8, 2020.
             Was a Follower of Ashenzari.
             Slain by a black bear (9 damage)
             ... on level 5 of the Dungeon.
             The game lasted 00:06:47 (4827 turns).

KristoblXynda the Covert (Vampire Gladiator)        Turns: 4827, Time: 00:06:47

Health: -5/58      AC:  8    Str: 15    XL:     8   Next: 69%
Magic:  8/8        EV: 15    Int: 11    God:    Ashenzari [*.....]
Gold:   286        SH:  0    Dex: 15    Spells: 7/7 levels left

rFire    . . .     SeeInvis +   a - +0 long sword
rCold    . . .     Faith    .   (no shield)
rNeg     . . .     Spirit   .   f - +0 ring mail
rPois    .         Reflect  .   c - +0 helmet
rElec    .         Harm     .   (no cloak)
rCorr    .                      (no gloves)
MR       .....                  l - +0 pair of boots
Stlth    +++.......             (no amulet)
HPRegen  0.39/turn              (no ring)
MPRegen  0.11/turn              (no ring)

@: regenerating quickly
A: fangs 3, see invisible, unbreathing
a: Exsanguinate, Curse Item, Scrying, Renounce Religion


You were on level 5 of the Dungeon.
You worshipped Ashenzari.
Ashenzari was aware of your devotion.
You visited 1 branch of the dungeon, and saw 6 of its levels.
You also visited: Ossuary.

You collected 286 gold pieces.

Inventory:

Hand Weapons
 a - a +0 long sword (weapon)
Armour
 c - a +0 helmet (worn)
 f - a +0 ring mail (worn)
 l - a +0 pair of boots (worn)
Scrolls
 b - a scroll of teleportation {unknown}
 e - a scroll of enchant weapon {unknown}
 j - a scroll of blinking {unknown}
 k - 2 scrolls of remove curse
Potions
 g - 3 potions of brilliance
 h - 2 potions of curing
 i - 2 potions of magic
 m - a potion of might
 n - a potion of stabbing
 o - a potion of haste


   Skills:
 - Level 3.3 Fighting
 + Level 6.3 Long Blades
 - Level 2.0 Throwing
 + Level 3.4 Armour
 + Level 6.9 Dodging
 + Level 8.2 Stealth


You had 7 spell levels left.
You didn't know any spells.
Your spell library was empty.

Dungeon Overview and Level Annotations

Branches:
Dungeon (6/15)            Ossuary (visited)
 Temple: D:4-7

Altars:
Ashenzari
Kikubaaqudgha
Qazlal
Ru
Uskayaw
Xom
Yredelemnul


Innate Abilities, Weirdness & Mutations

Your natural rate of healing is unusually fast.
You have razor-sharp teeth.
You have supernaturally acute eyesight. (SInv)
You can survive without breathing.


Message History

The black bear completely misses you. The black bear barely misses you.
The black bear claws you but does no damage.
Okay, then.
Throwing (i - inventory)
d - a throwing net (quivered)
Press: ? - help, Shift-Dir - straight line, f/p - black bear
Aim: a black bear (severely wounded, berserk)
You throw a throwing net. The throwing net hits the black bear.
The black bear is caught in the net!
The black bear is severely wounded.
The black bear struggles against the net.
You catch the helpless black bear completely off-guard!
You hit the black bear.
You bite the black bear, but do no damage.
The black bear is almost dead.
The black bear struggles against the net. x2
The net rips apart, and the black bear comes free!
You hit the black bear but do no damage.
The black bear is almost dead.
The black bear bites you!
You die...

#....# #....#
#....# #.<..#
#....# #....#
##....# ###
###.....# ######
#.# #.@.....#
.....# #.#
#h##....# .....#
#.# ##.#######
.....# #.#####..#
.....###.......##
.######......>##
...###.........#
.#.............#
.#####.........#


You could see a black bear (berserk).

Vanquished Creatures
  Grinder (D:4)
  Menkaure (D:4)
  An ice beast (D:6)
  An ogre (D:6)
  4 elf zombies (Ossuary)
  2 scorpions
  A centaur zombie (Ossuary)
  A human zombie (Ossuary)
  2 hounds (D:4)
  2 orc priests
  6 orc wizards
  2 centaur skeletons
  A big kobold zombie (Ossuary)
  3 mummies
  7 gnolls
  15 adders
  An ufetubus (D:5)
  An adder zombie (Ossuary)
  A worm (D:3)
  6 leopard geckos
  11 orcs
  6 bats
  2 giant cockroaches
  8 goblins
  5 hobgoblins
  6 jackals
  A quokka (D:4)
  A ball python (D:3)
  3 frilled lizards
  14 hobgoblin zombies
  A jackal zombie (Ossuary)
  3 kobolds
  7 kobold zombies
  6 orc zombies (Ossuary)
  14 rats
  3 rat zombies (Ossuary)
150 creatures vanquished.

Notes
Turn   | Place    | Note
-------+----------+-------------------------------------------
     0 | D:1      | KristoblXynda the Vampire Gladiator began the quest for the
                  | Orb.
     0 | D:1      | Reached XP level 1. HP: 16/16 MP: 1/1
   199 | D:1      | Reached XP level 2. HP: 18/22 MP: 2/2
   249 | D:1      | Found a shattered altar of Ashenzari.
   258 | D:1      | Became a worshipper of Ashenzari the Shackled
   818 | D:2      | Reached XP level 3. HP: 27/27 MP: 3/3
   913 | D:2      | Reached skill level 1 in Stealth
  1002 | D:2      | Reached XP level 4. HP: 34/34 MP: 4/4
  1220 | D:2      | Reached skill level 2 in Stealth
  1867 | D:3      | Reached XP level 5. HP: 7/40 MP: 5/5
  1868 | D:3      | Reached skill level 3 in Stealth
  2005 | D:3      | Found a sacrificial altar of Ru.
  2368 | D:3      | Found a shimmering altar of Xom.
  2406 | D:4      | Reached XP level 6. HP: 11/47 MP: 6/6
  2416 | D:4      | HP: 1/47 [orc priest/nerve-wracking pain (13)]
  2422 | D:4      | Reached skill level 4 in Stealth
  2594 | D:4      | Found a sand-covered staircase.
  2605 | Ossuary  | Entered an ossuary
  2758 | Ossuary  | Reached skill level 5 in Dodging
  2793 | Ossuary  | Reached skill level 1 in Armour
  2984 | Ossuary  | Reached skill level 5 in Stealth
  2984 | Ossuary  | Reached XP level 7. HP: 47/52 MP: 7/7
  3156 | Ossuary  | Reached skill level 5 in Long Blades
  3308 | D:4      | Reached skill level 6 in Stealth
  3830 | D:4      | Reached XP level 8. HP: 51/58 MP: 8/8
  3895 | D:4      | Reached * piety under Ashenzari
  3942 | D:4      | Noticed Grinder
  3953 | D:4      | Killed Grinder
  3953 | D:4      | Reached skill level 7 in Stealth
  4101 | D:4      | Noticed Menkaure
  4108 | D:4      | Killed Menkaure
  4191 | D:5      | Entered Level 5 of the Dungeon
  4276 | D:5      | Found a hide-covered altar of Uskayaw.
  4520 | D:5      | Found an ancient bone altar of Kikubaaqudgha.
  4520 | D:5      | Found a stormy altar of Qazlal.
  4655 | D:5      | Found a basalt altar of Yredelemnul.
  4773 | D:6      | Reached skill level 8 in Stealth
  4824 | D:5      | HP: 2/58 [black bear (4)]
  4827 | D:5      | Slain by a black bear

Illustrated notes

Levels and vault maps discovered:
D:1:      wheals_arrival_linesprint, layout_loops_ring, minmay_misc_feat_roman,
          evilmike_ruin_ashenzari
D:2:      layout_loops_ring, chequers_serial_rivers_small_3, dk_noncrumbling_2,
          minmay_statues_item
D:3:      layout_rooms, nicolae_overflow_hidden_temple,
          chequers_decorated_corner, nicolae_ru_sacrificial_ziggurat
D:4:      layout_loops_corners, nicolae_ossuary_entry_giza, uniq_grinder,
          uniq_menkaure
D:5:      layout_rooms, kennysheep_little_box,
          gammafunk_temple_overflow_elements, kennysheep_mini_moat,
          minmay_misc_feat_tower
D:6:      layout_basic, chequers_temple_overflow_statue_of_worship,
          nicolae_dithmenos_shadow_blocks, grunt_gozag_breadcrumbs

Skill      XL: |  1  2  3  4  5  6  7  8 |
---------------+-------------------------+-----
Fighting       | 2 3 |  3.3
Throwing       | 2 |  2.0
Stealth        | 1 2 3 5 6 8 |  8.2
Dodging        | 4 5 6 |  6.9
Long Blades    | 4 5 6 |  6.3
Armour         | 1 2 3 |  3.4

Action                   |  1- 3 |  4- 6 |  7- 9 || total
-------------------------+-------+-------+-------++-------
Melee: Long sword        |    71 |   239 |   292 ||   602
       Bite              |     7 |    33 |    52 ||    92
Throw: Throwing net      |       |     2 |     3 ||     5
  Use: Potion            |       |     4 |       ||     4
       Scroll            |       |     4 |     2 ||     6
 Stab: Sleeping          |       |     1 |    12 ||    13
       Held in net/web   |       |       |     3 ||     3
Armor: Ring mail         |    24 |    90 |    74 ||   188
       Leather armour    |     2 |       |       ||     2
Dodge: Dodged            |    64 |   161 |   168 ||   393
       Rpst.: Long sword |    15 |    57 |    53 ||   125

Table legend: (Time is in decaauts)
 A = Elapsed time spent in this place.
 B = Non-inter-level travel time spent in this place.
 C = Inter-level travel time spent in this place.
 D = Time resting spent in this place.
 E = Time spent auto-exploring this place.
 F = Levels seen in this place.
 G = Mean time per level.
                   A        B        C        D        E       F      G
               +--------+--------+--------+--------+--------+-----+--------+
         Total |   4921 |   4606 |    315 |    678 |   2409 |   7 |  703.0 |
       Dungeon |   4203 |   3888 |    315 |    369 |   2409 |   6 |  700.5 |
       Ossuary |    718 |    718 |      0 |    309 |      0 |   1 |  718.0 |
               +--------+--------+--------+--------+--------+-----+--------+

Top non-repeatable levels by time:
     D:4: 1120 daAuts
     D:2: 956 daAuts
     D:1: 879 daAuts
 Ossuary: 718 daAuts
     D:3: 603 daAuts
     D:5: 554 daAuts
     D:6: 88 daAuts
